 Dungeon Crawl Stone Soup version 0.23-a0-356-g1757c6e (webtiles) character file.

191 lungs the Skirmisher (level 5, -5/48 HPs)
             Began as a Minotaur Fighter on Oct 21, 2018.
             Slain by Edmund
             ... wielding a +2 dire flail of crushing
              (11 damage)
             ... on level 3 of the Dungeon.
             The game lasted 00:23:21 (2565 turns).

lungs the Skirmisher (Minotaur Fighter)             Turns: 2565, Time: 00:23:22

Health: -5/48      AC:  9    Str: 26    XL:     5   Next: 42%
Magic:  4/4        EV:  6    Int:  5    God:
Gold:   176        SH: 10    Dex: 10    Spells: 4/4 levels left

rFire    . . .     SeeInvis .   s - +3 spear
rCold    . . .     Gourm    .   c - +0 shield
rNeg     . . .     Faith    .   p - +0 chain mail
rPois    .         Spirit   .   (helmet restricted)
rElec    .         Reflect  .   (no cloak)
rCorr    .         Harm     .   (no gloves)
MR       .....                  (no boots)
Stlth    ..........             (no amulet)
HPRegen  0.16/turn              (no ring)
MPRegen  0.09/turn              (no ring)

@: mighty
A: retaliatory headbutt, horns 2
a: no special abilities


You were on level 3 of the Dungeon.
You were not hungry.

You visited 1 branch of the dungeon, and saw 4 of its levels.

You collected 176 gold pieces.

Inventory:

Hand Weapons
 a - a +0 flail
 k - a +0 mace
 s - a +3 spear (weapon)
Armour
 b - a +0 scale mail
 c - a +0 shield (worn)
 e - a +0 robe
 m - a +0 scale mail
 p - a +0 chain mail (worn)
 r - a +0 robe
Scrolls
 g - 2 scrolls of amnesia {unknown}
 i - 5 scrolls of remove curse {unknown}
 j - 7 scrolls of identify {unknown}
 l - 2 scrolls of noise {unknown}
 n - 2 scrolls of teleportation {unknown}
Potions
 h - a potion of ambrosia {unknown}
 o - a potion of haste {unknown}
 t - a potion of invisibility {unknown}
 u - a potion of lignification {unknown}
Comestibles
 f - 4 rations
 q - 3 chunks of flesh


   Skills:
 * Level 5.1 Fighting
 * Level 4.3 Maces & Flails
 + Level 4.6 Armour
 + Level 4.5 Shields


You had 4 spell levels left.
You didn't know any spells.
Your spell library was empty.

Dungeon Overview and Level Annotations

Branches:
Dungeon (4/15)
 Temple: D:4-7

Altars:
Dithmenos
Kikubaaqudgha
Nemelex Xobeh
Okawaru
Yredelemnul

Annotations:
D:3 Edmund


Innate Abilities, Weirdness & Mutations

You reflexively headbutt those who attack you in melee.
You have a pair of horns on your head.


Message History

There is a stone staircase leading up here.
You block Edmund's attack.
You climb upwards.
There is a stone staircase leading down here.
Some of the chunks of flesh in your inventory have rotted away.
You hit Edmund but do no damage.
Edmund is severely wounded.
Edmund hits you with a +2 dire flail of crushing.
You feel very mighty all of a sudden. You block Edmund's attack.
You hit Edmund.
Edmund is severely wounded.
Edmund closely misses you. You furiously retaliate!
You headbutt Edmund. You closely miss Edmund. You headbutt Edmund.
Edmund is almost dead.
Edmund hits you with a +2 dire flail of crushing!
* * * LOW HITPOINT WARNING * * *
x2 You block Edmund's attack.
Edmund hits you with a +2 dire flail of crushing!
You die...

.###...#.#.# #.#
.....#.....# #.#
.......#.#########.#
###..............#.#
#.####.#######.#.#
#..>........##.#.#
#######.#####.##...##
...####.# #.#.....#
........#####.#@@...#
##..................#
..#####.###.#.#.....#
#.#####.###.#<#.....#
#.#...........##.####
....###.###.####.#
#.### #.# #.####.#
#.#####.# #.##...#
........# #.##.#.#


You could see Edmund.

Vanquished Creatures
  Natasha (thrice) (D:3)
  6 adders
  2 oozes
  2 worms (D:2)
  A dart slug (D:1)
  3 leopard geckos (D:3)
  An orc (D:3)
  2 ball pythons (D:2)
  2 bats
  A giant cockroach (D:1)
  6 goblins
  3 hobgoblins
  6 jackals (D:3)
  4 kobolds
  4 frilled lizards
  6 rats
52 creatures vanquished.

Notes
Turn   | Place    | Note
-------+----------+-------------------------------------------
     0 | D:1      | lungs the Minotaur Fighter began the quest for the Orb.
     0 | D:1      | Reached XP level 1. HP: 19/19 MP: 0/0
   245 | D:1      | Reached XP level 2. HP: 22/27 MP: 1/1
   771 | D:2      | Reached skill level 4 in Fighting
   815 | D:2      | Reached XP level 3. HP: 19/33 MP: 2/2
  1448 | D:2      | Found a basalt altar of Yredelemnul.
  1680 | D:3      | Found a sparkling altar of Nemelex Xobeh.
  1680 | D:3      | Found an ancient bone altar of Kikubaaqudgha.
  1768 | D:3      | Found a shadowy altar of Dithmenos.
  1779 | D:3      | Reached XP level 4. HP: 35/41 MP: 3/3
  1809 | D:3      | Noticed Natasha
  1836 | D:3      | Killed Natasha
  2276 | D:3      | Found an iron altar of Okawaru.
  2278 | D:3      | Noticed Natasha
  2287 | D:3      | Killed Natasha
  2287 | D:3      | Reached XP level 5. HP: 34/47 MP: 4/4
  2321 | D:3      | Reached skill level 5 in Fighting
  2508 | D:3      | Noticed Natasha
  2518 | D:3      | Killed Natasha
  2530 | D:4      | Noticed Edmund
  2565 | D:3      | Slain by Edmund

Vault maps used:
D:1:      scummos_arrival_simple_fountains, kennysheep_doodads
D:2:      old_standard_altar, first_ration
D:3:      nicolae_dithmenos_through_a_glass_darkly, okawaru_metal_pillars_1_2,
          gammafunk_temple_overflow_statue, uniq_natasha
D:4:      kennysheep_little_box, minmay_temple_entry_overgrown, serial_shops,
          shop, uniq_grinder, uniq_edmund

Skill      XL: |  1  2  3  4  5 |
---------------+----------------+-----
Shields        | 4 |  4.5
Fighting       | 4 5 |  5.1
Armour         | 4 |  4.6
Maces & Flails | 3 4 |  4.3

Action                   |  1- 3 |  4- 6 || total
-------------------------+-------+-------++-------
Melee: Flail             |    15 |       ||    15
       Mace              |    49 |       ||    49
       Headbutt          |     6 |    16 ||    22
       Spear             |    31 |    70 ||   101
  Use: Potion            |       |     1 ||     1
  Eat: Chunk             |     3 |     2 ||     5
Armor: Scale mail        |    13 |       ||    13
       Chain mail        |    38 |    29 ||    67
       Robe              |     3 |       ||     3
Dodge: Dodged            |    15 |    14 ||    29
Block: Shield            |    50 |    33 ||    83

Table legend:
 A = Non-vault XP
 B = Vault XP
 C = Vault XP percentage of total XP
 D = Non-vault monster count
 E = Vault monster count
 F = Vault count percentage of total count
                 A         B        C        D         E       F
            +---------+---------+-------+---------+---------+-------
      Total |     242 |      32 |  11.7 |      51 |       1 |   1.9
            +---------+---------+-------+---------+---------+-------
        D:1 |      26 |       0 |   0.0 |      11 |       0 |   0.0
        D:2 |      61 |       0 |   0.0 |      17 |       0 |   0.0
        D:3 |     155 |      32 |  17.1 |      23 |       1 |   4.2
            +---------+---------+-------+---------+---------+-------
